Cogmind - Beta 16.1 @@@ ROGUE MODE // 2026.05.03 @ 15:16:59 Player: f3-rnm Result: Self-destructed Performance ------------- Evolutions (1) 500 Regions Visited (3) 600 Robots Destroyed (11) 55 Value Destroyed (250) 250 Prototype IDs (0) 0 Alien Tech Used (0) 0 Bonus (0) 0 TOTAL SCORE: 1405 Bonus ------- None Cogmind --------- Core Integrity 370/400 Matter 269/300 Energy 100/100 System Corruption 0% Temperature Cool (9) Movement Core (100) Ox1 Location -9/Materials Parts ------- > --- POWER (1) -------- (None) > --- PROPULSION (2) --- (None) > --- UTILITY (3) ------ Small Storage Unit > --- WEAPON (3) ------- Mini Grenade Launcher > --- INVENTORY (8) ---- Ion Engine Light Ion Engine Wheel Wheel Compact Wheel Large Matter Pod (0) High-capacity Matter Pod (0) Mini Grenade Launcher Peak State ------------ > --- POWER ------------ Ion Engine > --- PROPULSION ------- Light Treads Light Treads > --- UTILITY ---------- Small Storage Unit > --- WEAPON ----------- EM Pulse Gun EM Pulse Gun > --- INVENTORY -------- Ion Engine Wheel Compact Wheel [Rating: 6] Favorites ----------- Power Ion Engine Engine Ion Engine Propulsion Light Treads Treads Light Treads Utility Small Storage Unit Storage Small Storage Unit Weapon EM Pulse Gun Energy Gun EM Pulse Gun Ballistic Gun Light Assault Rifle Launcher Mini Grenade Launcher Build | -11 -10 -10 -9 ------- Run | Yrd Mat Min Mat Slots Evolved 2 | . . . 2 Power . | . . . . Propulsion . | . . . . Utility 1 | . . . 1 Weapon 1 | . . . 1 Parts Attached 8 | 6 . 1 1 Power 1 | 1 . . . Engine 1 | 1 . . . Core . | . . . . Reactor . | . . . . Propulsion 2 | 2 . . . Treads 2 | 2 . . . Leg . | . . . . Wheel . | . . . . Hover . | . . . . Flight . | . . . . Utility 1 | 1 . . . Device . | . . . . Storage 1 | 1 . . . Processor . | . . . . Hackware . | . . . . Protection . | . . . . Artifact . | . . . . Weapon 4 | 2 . 1 1 Energy Gun 2 | 2 . . . Energy Cannon . | . . . . Ballistic Gun 1 | . . 1 . Ballistic Cannon . | . . . . Launcher 1 | . . . 1 Special Weapon . | . . . . Impact Weapon . | . . . . Slashing Weapon . | . . . . Piercing Weapon . | . . . . Special Melee Weapon . | . . . . Unidentified Prototypes . | . . . . Parts Lost 6 | . . 4 2 Power 1 | . . 1 . Propulsion 2 | . . 1 1 Utility . | . . . . Weapon 3 | . . 2 1 Highest Loss Streak 4 | . . 4 2 To Critical Strikes . | . . . . Average Backups 4 | 2 3 4 6 Power 1 | . 1 1 2 Propulsion 2 | 1 2 2 3 Utility . | . . . . Weapon . | . . . . Tool/Special . | . . . . Unused Backups 7 | . . . 7 Power 2 | . . . 2 Propulsion 3 | . . . 3 Utility 2 | . . . 2 Weapon . | . . . . Tool/Special . | . . . . Average Slot Usage (%) 68 | . 85 79 38 Engine 9 | . 14 13 . Treads 21 | . 28 26 10 Storage 13 | . 14 14 11 Energy Gun 17 | . 28 24 . Ballistic Gun 3 | . . 2 10 Launcher 2 | . . . 7 Peak Build Rating 6 | 6 6 6 5 Average Rating 5 | 4 6 5 4 On Entrance 3 | . 6 6 3 Avg Prop Armor Cover (%) . | . . . . Naked Turns . | . . . . Heaviest Build 14 | 14 14 14 7 Greatest Support 40 | 40 40 40 20 Greatest Overweight (x) 1 | 1 . . . Average Overweight (x) . | . . . . Largest Inventory Capacity 8 | 8 8 8 8 Average Capacity 7 | 7 8 8 8 Most Carried 8 | 3 3 6 8 Average Carried 4 | 2 3 4 6 Final Capacity 8 | 8 8 8 8 Final Carried 8 | 3 3 5 8 Class Distribution -------------------- 100% | Mutant Dominant Class ---------------- Mutant | -10/Materials Mutant | -10/Mines Mutant | -9/Materials Resources | -11 -10 -10 -9 ----------- Run | Yrd Mat Min Mat Matter Collected 275 | 160 . 66 49 Remotely . | . . . . Salvage Created 277 | . 36 116 125 Parts 18 | . 1 10 7 Haulers Intercepted . | . . . . Recyclers Shooed 1 | . . 1 . Parts Field Recycled . | . . . . Retrieved Matter . | . . . . Parts Self-Destructed . | . . . . Prevented . | . . . . Parts Restored . | . . . . Kills | -11 -10 -10 -9 ------- Run | Yrd Mat Min Mat Combat Hostiles Destroyed 8 | . 1 4 3 Guns 4 | . . 4 . AOE 4 | . 1 . 3 Classes Destroyed 5 | . 1 3 1 Worker 2 | . . 1 1 Recycler 1 | . . . 1 Swarmer 3 | . . 3 . Grunt 4 | . 1 . 3 Demolisher 1 | . . 1 . Best Kill Streak 5 | . 1 3 5 Combat Bots Only 3 | . 1 3 3 Max Kills in Single Turn 2 | . 1 1 2 Gunslinging . | . . . . Exploded 2 | . 1 . 2 Melee . | . . . . Uniques/NPCs Destroyed . | . . . . Combat | -11 -10 -10 -9 -------- Run | Yrd Mat Min Mat Hostile Shots Fired 38 | . 1 21 16 Missed 8 | . . 3 5 Hits 30 | . 1 18 11 Melee 1 | . . . 1 Projectile 29 | . 1 18 10 AOE 12 | . . 12 . Critical Strikes 1 | . . . 1 Damage Taken 765 | . 44 519 202 Core 121 | . . 91 30 Absorbed by Shields . | . . . . Core Remaining (%) 81 | 100 . 63 . Volleys Fired 21 | . 1 15 5 Largest 2 | . 2 2 1 Hottest 80 | . 80 80 30 Shots Fired 30 | . 2 23 5 Gun 25 | . 2 23 . Cannon . | . . . . Launcher 5 | . . . 5 Special . | . . . . Kinetic 6 | . . 6 . Thermal . | . . . . Explosive 5 | . . . 5 Electromagnetic 19 | . 2 17 . Robot Hit Streak 9 | . 2 9 . Robot Miss Streak 2 | . . 2 2 Penetration Max . | . . . . Secondary Targets 2 | . . 2 . Max Gunslinging Chain 1 | . . 1 . Shots Hit Robots 17 | . 2 15 . Core Hits 20 | . 1 7 12 Critical Kills . | . . . . Critical Parts Destroyed . | . . . . Critical Strikes . | . . . . Melee Attacks . | . . . . Impact . | . . . . Slashing . | . . . . Piercing . | . . . . Sneak Attacks . | . . . . Combat Hostiles . | . . . . Follow-up Attacks . | . . . . Damage Inflicted 590 | . 54 171 365 Guns 184 | . 13 171 . Cannons . | . . . . Explosions 406 | . 41 . 365 Melee . | . . . . Ramming . | . . . . Kinetic 24 | . . 24 . Thermal 41 | . 41 . . Explosive 365 | . . . 365 Electromagnetic 160 | . 13 147 . Impact . | . . . . Slashing . | . . . . Piercing . | . . . . Highest Corruption . | . . . . Average Corruption . | . . . . Corruption Purged . | . . . . Corruption Blocked . | . . . . Overload Shots . | . . . . Overflow Damage 11 | . . . 11 Projectiles . | . . . . Explosions 11 | . . . 11 Melee . | . . . . Knockbacks . | . . . . Impact . | . . . . Kinetic . | . . . . Secondary . | . . . . Self-Inflicted Damage 27 | . . . 27 Shots 1 | . . . 1 Rammed . | . . . . Targets Rammed . | . . . . Kicked . | . . . . Crushed . | . . . . Highest Temperature 72 | . 18 72 . Average Temperature 26 | . 12 28 . Received Heat Transfer 54 | . 6 . 48 Siege Activations . | . . . . Martial Activations . | . . . . Shielding Activations . | . . . . Robots Disrupted . | . . . . Combat Hostiles . | . . . . Robots Corrupted . | . . . . Combat Hostiles . | . . . . Parts Fried . | . . . . Impact Corruptions . | . . . . Robots Melted . | . . . . Combat Hostiles . | . . . . Parts Melted . | . . . . Heat Transferred 50 | . 50 . . Parts Sabotaged . | . . . . Parts Stolen . | . . . . Parts Stripped . | . . . . Power Chain Reactions 1 | . 1 . . Alert | -11 -10 -10 -9 ------- Run | Yrd Mat Min Mat Maximum Alert Level . | . . . . Low Security (%) 100 | 100 100 100 100 Level 1 . | . . . . Level 2 . | . . . . Level 3 . | . . . . Level 4 . | . . . . Level 5 . | . . . . High Security . | . . . . Max Security . | . . . . Peak Influence 94 | . 22 70 94 Initial 1 | . . . 1 Average 24 | . 3 41 51 Influence Increases 249 | . 22 105 122 Destroy 0b10 Robot/C 160 | . 20 80 60 Destroy 0b10 Robot/NC 15 | . . 5 10 Destroy Leader 30 | . . 20 10 Disable Machine 15 | . . . 15 Destroy Structure 29 | . 2 . 27 Influence Decreases 187 | . 20 102 65 Entered New Map 6 | . . 2 4 Time Decay 121 | . 20 60 41 Lost Part 60 | . . 40 20 Squads Dispatched . | . . . . Investigation . | . . . . Extermination . | . . . . Reinforcement . | . . . . Assault . | . . . . Garrison . | . . . . Intercept . | . . . . Searches Triggered . | . . . . Construction Impeded . | . . . . Haulers Reinforced . | . . . . Active Scanning Responses . | . . . . Cargo Convoy Interrupts . | . . . . Stealth | -11 -10 -10 -9 --------- Run | Yrd Mat Min Mat Distress Signals 2 | . 1 . 1 Communications Jammed . | . . . . Distress Signals . | . . . . Times Spotted 18 | . 2 5 11 Peak Tracking Total 10 | . 2 3 10 Tactical Retreats . | . . . . Traps | -11 -10 -10 -9 ------- Run | Yrd Mat Min Mat Traps Triggered 1 | . 1 . . Indirectly . | . . . . Trap Hack Attempts . | . . . . Triggered . | . . . . Disarmed . | . . . . Reprogrammed . | . . . . Reused . | . . . . Traps Extracted . | . . . . Installed . | . . . . Triggered . | . . . . Machines | -11 -10 -10 -9 ---------- Run | Yrd Mat Min Mat Machines Disabled 1 | . . . 1 Max in Single Turn 1 | . . . 1 Machines Repaired . | . . . . Machines Dismantled . | . . . . Machines Sabotaged . | . . . . Overloaded Fab Kills . | . . . . Hacking | -11 -10 -10 -9 --------- Run | Yrd Mat Min Mat Machines Accessed . | . . . . Terminals . | . . . . Fabricators . | . . . . Repair Stations . | . . . . Recycling Units . | . . . . Scanalyzers . | . . . . Garrison Access . | . . . . Total Hacks . | . . . . Successful . | . . . . Failed . | . . . . Catastrophic . | . . . . Database Lockouts . | . . . . Manual . | . . . . Terminals . | . . . . Fabricators . | . . . . Repair Stations . | . . . . Recycling Units . | . . . . Scanalyzers . | . . . . Garrison Access . | . . . . Terminal Hacks . | . . . . Fabricator Hacks . | . . . . Repair Station Hacks . | . . . . Recycling Unit Hacks . | . . . . Scanalyzer . | . . . . Garrison Access Hacks . | . . . . Unauthorized Hacks . | . . . . Terminals . | . . . . Fabricators . | . . . . Repair Stations . | . . . . Recycling Units . | . . . . Scanalyzers . | . . . . Garrison Access . | . . . . Data Cores Recovered . | . . . . Used . | . . . . Hacking Detections . | . . . . Full Trace Events . | . . . . Feedback Events . | . . . . Feedback Blocked . | . . . . Robot Schematics Acquired . | . . . . Robots Built . | . . . . Authchips . | . . . . Time . | . . . . Total Robot Build Rating . | . . . . Part Schematics Acquired . | . . . . Parts Built . | . . . . Authchips . | . . . . Time . | . . . . Total Part Build Rating . | . . . . Part Studies Acquired . | . . . . Parts Repaired . | . . . . Time . | . . . . Parts Recycled . | . . . . Recycled Matter . | . . . . Retrieved Matter . | . . . . Retrieved Components . | . . . . Parts Scanalyzed . | . . . . Part Schematics Acquired . | . . . . Parts Damaged . | . . . . Bothacking | -11 -10 -10 -9 ------------ Run | Yrd Mat Min Mat Used RIF Installer . | . . . . Robots Hacked . | . . . . Non-combat . | . . . . Combat . | . . . . Robot Hacks Applied . | . . . . Relay Couplers Released . | . . . . Fabnet Peak Effective % . | . . . . Robots Rewired . | . . . . Allies Hacked . | . . . . Hacks Repelled . | . . . . Allies | -11 -10 -10 -9 -------- Run | Yrd Mat Min Mat Total Allies . | . . . . Largest Group . | . . . . Highest-Rated Group . | . . . . Highest-Rated Ally . | . . . . Total Orders . | . . . . Ally Attacks . | . . . . Total Damage . | . . . . Kills . | . . . . Allies Corrupted . | . . . . Allies Melted . | . . . . Intel | -11 -10 -10 -9 ------- Run | Yrd Mat Min Mat Active Infowar (turns) . | . . . . Robot Analysis Total . | . . . . Derelict Logs Recovered . | . . . . Drone Launches . | . . . . Drone Recoveries . | . . . . Exploration | -11 -10 -10 -9 ------------- Run | Yrd Mat Min Mat Turns Passed 469 | 99 127 132 111 Spaces Moved 257 | 61 78 58 60 Core 11 | 11 . . . Treads 246 | 50 78 58 60 Legs . | . . . . Wheels . | . . . . Hover . | . . . . Flight . | . . . . Fastest Speed 50 | 50 160 160 160 Average Speed 156 | 144 160 160 160 Slowest Speed 160 | 160 160 160 160 Overloaded Moves . | . . . . Propulsion Burnouts . | . . . . Robots Hopped . | . . . . Potential Cave-ins . | . . . . Cave-ins Triggered . | . . . . Exploration Rate (%) 12 | 5 17 15 13 Regions Visited 3 Branch Regions 1 Pre-discovered Areas . | . . . . Known Exits Taken . | . . . . Unknown Exits Taken 3 | 1 1 1 . Scrap Searched . | . . . . Spaces Dug . | . . . . Terrain Destroyed 33 | . 2 . 31 Melee . | . . . . Projectile . | . . . . AOE 33 | . 2 . 31 Terrain Rammed . | . . . . Walls Destroyed . | . . . . Machines Disabled . | . . . . Actions | -11 -10 -10 -9 --------- Run | Yrd Mat Min Mat Total 293 | 69 78 76 70 Wait . | . . . . Move 254 | 60 77 57 60 Hop . | . . . . Pick Up 10 | 3 . 3 4 Fast Attach 6 | 6 . . . Attach 2 | . . 1 1 Detach . | . . . . Swap . | . . . . Drop . | . . . . Fire 21 | . 1 15 5 Melee . | . . . . Ram . | . . . . Kick . | . . . . Crush . | . . . . Escape Stasis . | . . . . Rewire . | . . . . Trap . | . . . . Miscellaneous . | . . . . Route ------- -11/Scrapyard -10/Materials -10/Mines -9/Materials History --------- Turn | Location | Event 7 | -11/Scrapyard | Discovered new exit (range 16) 100 | -11/Scrapyard | Entered Materials 199 | -10/Materials | Discovered new exit (range 8) 227 | -10/Materials | Entered Mines 310 | -10/Mines | Build established: Mutant 321 | -10/Mines | Assembled infested the area 327 | -10/Mines | Discovered new exit (range 8) 359 | -10/Mines | Entered Materials 359 | -9/Materials | Evolved 2 slots: Utility x1, Weapon x1 379 | -9/Materials | Lost 4 parts (1p1n2w) 470 | -9/Materials | Self-destructed Last Messages --------------- 00400_ Destroyed Heat Sink. 00400_ K-01 Serf destroyed. 00400_ R-06 Scavenger destroyed. 00402_ G-34 Mercenary destroyed. 00402_ K-01 Serf collects debris. 00406_ The unstable cave ceiling collapses. 00408_ T-07 Excavator is excavating. 00411_ Acquired 49 matter. 00412_ T-07 Excavator is excavating. 00417_ Acquired Hcp. Matter Pod. 00423_ R-06 Scavenger collects Aluminum Leg. 00426_ R-06 Scavenger collects Sml. Laser. 00429_ Acquired Lrg. Matter Pod. 00430_ R-06 Scavenger collects Aluminum Leg. 00431_ W-16 Scout sends out distress signal. 00432_ Acquired Mni. Grenade Launcher. 00436_ R-06 Scavenger collects Lgt. Ion Engine. 00469_ The unstable cave ceiling collapses. 00469_ Lgt. Assault Rifle destroyed. 00469_ Lgt. Treads destroyed. Map ----- +----------------------------------------------------+ | ?????????????????????????????????????????????????? | | ?????????????????????????????????????????????????? | | ?????????????????????????????????????????????????? | | ?????????????????????????????????????????????????? | | ?????????????????????????????????????????????????? | | ?????????????????????????????????????????????????? | | ?????????????????????????????????????????????????? | | ?????????????????????????????????????????????????? | | ?????????????????????????????????????????????????? | | ?????????????????????????????????????????????????? | | ?????????????????????????????????????????????????? | | ?????????????????????????"?????????#?????????????? | | ????????????????????????? ???????? ?????????????? | | ????????????????????????? ??????? ??????????????? | | ??????????????????????### ###??? ????????????????? | | ?????????????#+#??????# # ### ?????????????????? | | ?????????????? ###### ??????????????????? | | ???????????????? ???????????????????? | | ?????????????????? ????????????????????? | | ???????????????????? Y Y ?????????????????????? | | ?????????????????????? g ##????????????????????? | | ?????????????????????###g #????????????????????? | | ?????????????????????# #????????????????????? | | ?????????????????????# #????????????????????? | | ???#?????????????????## l #????????????????????? | | ??## ????????????????# @ #????????????????????? | | ?? # ???????????????## ##????????????????????? | | ??? ????????????????## #?????????????????????? | | ???# ?????????????????# #?????????????????????? | | ??## #########???##???# #?????????????????????? | | ### #??## ???# #?????????????????????? | | # #??# #??# #########?????????????? | | # #??## #### ?????????? | | # """ #### r#######???????????????? | | # """ ##"" #?????????????????????? | | # """ ##"" !! #?????????????????????? | | # ##"T ! #?????????????????????? | | # ##"" !! #?????????????????????? | | # ##"" #?????????????????????? | | ?# #### #?????????????????????? | | ### "T" ##????????????????????? | | """ #????????????????????? | | ! +????????????????????? | | ! #????????????????????? | | #####+### ! % #????????????????????? | | ??? ###+######## #????????????????????? | | ? #? ?????? [ #????????????????????? | | #! #? ?????## ## #????????????????????? | | # """ #? ??????## ##? #????????????????????? | | # """ #? ???????###?? #????????????????????? | +----------------------------------------------------+ Best States ------------- Heat Dissipation 28 Energy Generation 10 Energy Capacity 250 Matter Stores 279 Matter Capacity 300 Sight Range 16 Terrain Scan Density 10 Evasion (%) 40 Recoil Reduction 2 Item Schematics ----------------- None Robot Schematics ------------------ None Fabricated ------------ Nothing Repaired ---------- Nothing Studied --------- None Alien Tech Used ----------------- None Achievements -------------- None Challenges ------------ None Game ------ Seed SpectralCloakThruster Manual? 0 Play Time 00:03:40 Cumulative 492.0 hours Start 2026.05.02 @ 11:44:38 End 2026.05.03 @ 15:16:59 Sessions 6 Manual Loads 0 Difficulty Rogue Special Mode None Game No. 417 Rogue 381 Adventurer 36 Explorer 0 Win Type - Total 21 Types 9/0/11/0/0/0/1/0/0/0 Lore% 73 Gallery% 85 Achievement% 70 Wizard Run 0 Options --------- Layout 0 ASCII 0 Keyboard 0 Movement Mouse Keybinds 0 Fullscreen 1 Font 18/SmallcapsGlow Map View 76x50 Zoom Use 0% Tactical HUD 1 Map Filters NONE Filters NONE Steam 1 RUN: e0e4488a-415b-46e1-a5bb-c665a88bdf90